 Dungeon Crawl Stone Soup version 0.30-a0-1122-g620db56ad9 (webtiles) character file.

Game seed: 1251983002165833338

1128 Bnni the Cutter (level 8, -3/42 HPs)
             Began as a Vine Stalker Fighter on Apr 22, 2023.
             Was a Follower of Uskayaw.
             Slain by a gnoll sergeant
             ... wielding a +0 spear
              (8 damage)
             ... on level 6 of the Dungeon.
             The game lasted 00:08:18 (4338 turns).

Bnni the Cutter (Vine Stalker Fighter)              Turns: 4338, Time: 00:08:18

Health: -3/42      AC: 11    Str: 22    XL:     8   Next: 35%
Magic:  0/12       EV:  7    Int:  8    God:    Uskayaw [*.....]
Gold:   337        SH:  5    Dex: 13    Spells: 7/7 levels left

rFire   . . .        h - +3 short sword
rCold   . . .        c - +0 buckler
rNeg    . . .        n - +0 chain mail
rPois   .            (no helmet)
rElec   .            (no cloak)
rCorr   .            s - +0 pair of gloves
SInv    +            v - +0 pair of boots
Will    +....        (no amulet) Stlth
                     a - ring of wizardry
HPRegen 1.07/turn    l - ring of see invisible
MPRegen 0.13/turn

%: guardian spirit, wizardry (x1)
@: no status effects
A: fangs 3, regeneration 1, magic shield, antimagic bite, no potion heal 2
a: Renounce Religion, Stomp


You were on level 6 of the Dungeon.
You worshipped Uskayaw.
Uskayaw was noncommittal.
You visited 1 branch of the dungeon, and saw 6 of its levels.

You collected 337 gold pieces.

Inventory:

Hand Weapons
 g - a +0 dagger
 h - a +3 short sword (weapon)
Missiles
 b - a throwing net
 r - 7 poisoned darts (quivered)
Armour
 c - a +0 buckler (worn)
 n - a +0 chain mail (worn)
 s - a +0 pair of gloves (worn)
 v - a +0 pair of boots (worn)
Jewellery
 a - a ring of wizardry (left hand)
 l - a ring of see invisible (right hand)
 w - a ring of fire
Scrolls
 d - a scroll of amnesia {unknown}
 e - a scroll of enchant weapon {unknown}
 f - 4 scrolls of noise {unknown}
 i - 2 scrolls of fear {unknown}
 k - 4 scrolls of teleportation {unknown}
 m - a scroll of torment {unknown}
 o - 2 scrolls of poison
 t - a scroll of fog {unknown}
 u - a scroll of magic mapping
Potions
 j - a potion of degeneration {unknown}
 p - 3 potions of mutation
 q - a potion of resistance
 x - a potion of curing
 z - a potion of cancellation {unknown}
 A - a potion of heal wounds {unknown}


   Skills:
 + Level 4.7 Fighting
 * Level 5.7 Short Blades
 - Level 2.4 Armour
 - Level 4.0 Shields
 * Level 5.0 Invocations


You had 7 spell levels left.
You didn't know any spells.
Your spell library contained the following spells:

 Spells                   Type           Power      Damage    Failure   Level
 Shock                    Conj/Air       0%         1d3       80%         1
 Cigotuvi's Dreadful Rot  Necr/Pois/Air  0%         N/A       90%         2
 Ignite Poison            Fire/Tmut/Pois 0%         N/A       98%         3
 Ozocubu's Armour         Ice            0%         N/A       98%         3
 Swiftness                Air            0%         N/A       98%         3
 Airstrike                Air            0%         2d(0-16)  100%        4
 Freezing Cloud           Conj/Ice/Air   0%         6-21      100%        5
 Ozocubu's Refrigeration  Ice            0%         4d7       100%        7
 Borgnjor's Revivificati  Necr           0%         N/A       100%        8
 Necromutation            Tmut/Necr      0%         N/A       100%        8
 Death's Door             Necr           0%         N/A       100%        9


Dungeon Overview and Level Annotations

Branches:
Dungeon (6/15)             Temple (0/1) D:4

Altars:
Cheibriados
Hepliaklqana
Makhleb
Okawaru
Uskayaw
Vehumet
Zin

Shops:
D:6 ?


Innate Abilities, Weirdness & Mutations

You have razor-sharp teeth.
Your natural rate of healing is unusually fast.
When hurt, damage is shared between your health and your magic reserves.
Your bite disrupts and absorbs the magic of your enemies.
Potions cannot restore your health.


Message History

You barely miss the gnoll sergeant.
The gnoll sergeant is lightly wounded.
The iguana hisses angrily.
The gnoll barely misses you.
The gnoll sergeant hits you but does no damage.
You hit the gnoll sergeant.
You bite the gnoll sergeant, but do no damage.
The gnoll sergeant is moderately wounded.
You hit the gnoll sergeant but do no damage.
Your bite misses the gnoll sergeant.
The gnoll sergeant is moderately wounded.
The gnoll hits you from afar with a +0 spear.
* * * LOW HITPOINT WARNING * * *
The gnoll sergeant hits you but does no damage.
You closely miss the gnoll sergeant.
You bite the gnoll sergeant, but do no damage.
The gnoll sergeant is moderately wounded.
The gnoll hits you but does no damage.
The gnoll sergeant hits you but does no damage.
Unknown command.
You hit the gnoll sergeant but do no damage.
Your bite misses the gnoll sergeant.
The gnoll sergeant is moderately wounded.
You block the gnoll's attack.
The gnoll sergeant hits you with a +0 spear!
* * * LOW HITPOINT WARNING * * *
You hit the gnoll sergeant but do no damage.
The gnoll sergeant is moderately wounded.
The gnoll hits you but does no damage. The gnoll sergeant barely misses you.
You barely miss the gnoll sergeant.
You bite the gnoll sergeant, but do no damage.
The gnoll sergeant is moderately wounded.
You hit the gnoll sergeant but do no damage.
Your bite misses the gnoll sergeant.
The gnoll sergeant is moderately wounded.
The gnoll barely misses you.
The gnoll sergeant hits you with a +0 spear.
* * * LOW HITPOINT WARNING * * *
The gnoll sergeant hits you from afar with a +0 spear!
You die...

#...#.....................#
#...#.########........)...#
+...+.# #............#
.#...#### #............#
........#######............#
...........................#
.........#######...........#
.....$.lY#######...........##
.......gggg)@................
........#########........####
........# ###......#
.......[. #......# .........
#......# g..g..... #......#
.........# #......# ..(....
#....### #....#


You could see a sky beast, a gnoll sergeant, an iguana and 3 gnolls.

Vanquished Creatures
  Duvessa (D:4)
  A black bear (D:6)
  An ogre (D:4)
  The ghost of nakedcarnage the Insei, an amateur OpCK of Xom (D:3)
  Blork the orc (D:4)
  A bullfrog (D:5)
  2 wyvern skeletons (D:3)
  Dowan (D:4)
  A bullfrog zombie (D:3)
  2 hounds
  2 jellies
  An orc priest (D:3)
  A gnoll bouda (D:4)
  An iguana (D:4)
  A mummy (D:3)
  5 gnolls
  6 adders
  A white imp (D:5)
  2 ufetubi (D:5)
  4 worms
  2 dart slugs
  10 orcs
  3 endoplasms
  4 giant cockroaches
  6 goblins
  7 hobgoblins
  5 jackals (D:3)
  3 quokkas
  11 ball pythons
  4 bats
  4 frilled lizards
  2 kobolds (D:1)
  24 rats
121 creatures vanquished.

Vanquished Creatures (collateral kills)
  A kobold (D:4)
1 creature vanquished.

Grand Total: 122 creatures vanquished

Notes
Turn   | Place    | Note
-------+----------+-------------------------------------------
     0 | D:1      | Bnni the Vine Stalker Fighter began the quest for the Orb.
     0 | D:1      | Reached XP level 1. HP: 11/11 MP: 2/2
    89 | D:1      | Reached XP level 2. HP: 16/16 MP: 3/3
   585 | D:1      | Reached XP level 3. HP: 19/19 MP: 4/4
   661 | D:2      | Found a radiant altar of Vehumet.
  1025 | D:2      | Found a faded altar of an unknown god.
  1380 | D:2      | Gained mutation: Your natural rate of healing is unusually
                  | fast. [Vine Stalker growth]
  1380 | D:2      | Reached XP level 4. HP: 24/24 MP: 3/5
  1460 | D:3      | Found a hazy altar of Hepliaklqana.
  1629 | D:3      | Found a transporter.
  1637 | D:3      | Noticed nakedcarnage's ghost (amateur OpCK)
  1701 | D:3      | Reached XP level 5. HP: 22/28 MP: 4/6
  1876 | D:3      | Found a snail-covered altar of Cheibriados.
  1876 | D:3      | Found a transporter.
  1918 | D:3      | Found a hide-covered altar of Uskayaw.
  1922 | D:3      | Became a worshipper of Uskayaw the Reveller
  1970 | D:3      | Found a radiant altar of Vehumet.
  2043 | D:3      | Found a glowing silver altar of Zin.
  2142 | D:3      | Reached * piety under Uskayaw
  2315 | D:3      | Reached ** piety under Uskayaw
  2321 | D:3      | Killed nakedcarnage's ghost
  2322 | D:3      | Reached skill level 1 in Invocations
  2322 | D:3      | Reached XP level 6. HP: 6/32 MP: 6/8
  2322 | D:3      | Reached *** piety under Uskayaw
  2325 | D:3      | Reached **** piety under Uskayaw
  2441 | D:4      | Reached XP level 7. HP: 9/37 MP: 1/10
  2536 | D:4      | Found an iron altar of Okawaru.
  2539 | D:4      | Noticed Blork the orc
  2546 | D:4      | Found a staircase to the Ecumenical Temple.
  2558 | D:4      | Killed Blork the orc
  2609 | D:4      | You fall into a shaft and drop 1 floor!
  2609 | D:5      | Entered Level 5 of the Dungeon
  2641 | D:4      | Noticed Duvessa
  2642 | D:4      | Noticed Dowan
  2682 | D:4      | Killed Duvessa
  2691 | D:4      | Killed Dowan
  2692 | D:4      | Reached skill level 5 in Short Blades
  2890 | D:4      | HP: 1/37 [gnoll/+0 flail[a gnoll bouda] (6)]
  3083 | D:4      | Found a burning altar of Makhleb.
  3089 | D:4      | Gained mutation: You have razor-sharp teeth. [Vine Stalker
                  | growth]
  3089 | D:4      | Reached XP level 8. HP: 41/42 MP: 12/12
  4212 | D:6      | Found Nowuck's Magic Scroll Shop.
  4322 | D:6      | Reached skill level 5 in Invocations
  4338 | D:6      | Slain by a gnoll sergeant

Illustrated notes

Levels and vault maps discovered:
D:1:      dpeg_arrival_arbitrary_b, layout_basic
D:2:      layout_basic, basic_altar, shapermc_ecumenical_altar_ellora,
          minmay_rat_hole
D:3:      layout_basic, marbit_many_paths, nicolae_overflow_quartered_altars,
          gammafunk_ghost_mausoleum
D:4:      layout_basic, makhleb_heckhound_becter,
          mainiacjoe_overflow_cross_hatched, minmay_temple_entry_antechambers,
          uniq_blork_the_orc, uniq_duvessa
D:5:      layout_basic, kennysheep_small_circle
D:6:      layout_basic, serial_shops, shop_scrolls, kennysheep_generic_room_5

Skill      XL: |  1  2  3  4  5  6  7  8 |
---------------+-------------------------+-----
Short Blades   | 2 3 4 5 |  5.7
Shields        | 3 4 |  4.0
Fighting       | 3 4 |  4.7
Invocations    | 1 3 4 5 |  5.0
Armour         | |  2.4

Action                     |  1- 3 |  4- 6 |  7- 9 || total
---------------------------+-------+-------+-------++-------
  Melee: Rapier            |   131 |   148 |   179 ||   458
         Bite              |    37 |    50 |    68 ||   155
         Short sword       |       |       |    19 ||    19
  Throw: Dart              |       |     2 |     3 ||     5
         Throwing net      |       |       |     1 ||     1
 Invoke: Line Pass         |       |     1 |     1 ||     2
    Use: Potion            |       |     1 |       ||     1
         Scroll            |       |       |     5 ||     5
   Stab: Paralysed         |       |     1 |     4 ||     5
 Armour: Scale mail        |    36 |       |       ||    36
         Chain mail        |    23 |    80 |    96 ||   199
  Dodge: Dodged            |    46 |    55 |    56 ||   157
  Block: Buckler           |    20 |    57 |    68 ||   145

Table legend: (Time is in decaauts)
 A = Elapsed time spent in this place.
 B = Non-inter-level travel time spent in this place.
 C = Inter-level travel time spent in this place.
 D = Time resting spent in this place.
 E = Time spent auto-exploring this place.
 F = Levels seen in this place.
 G = Mean time per level.
                   A        B        C        D        E       F      G
               +--------+--------+--------+--------+--------+-----+--------+
         Total |   4356 |   4251 |    105 |    126 |   3133 |   6 |  726.0 |
       Dungeon |   4356 |   4251 |    105 |    126 |   3133 |   6 |  726.0 |
               +--------+--------+--------+--------+--------+-----+--------+

Top non-repeatable levels by time:
     D:4: 1017 daAuts
     D:3: 1008 daAuts
     D:2: 812 daAuts
     D:5: 736 daAuts
     D:1: 604 daAuts
     D:6: 178 daAuts
